 Dungeon Crawl Stone Soup version 0.23-a0-295-g2e428d4 (webtiles) character file.

1164 Amnesiac the Thaumaturge (level 8, -6/52 HPs)
             Began as a Mummy Wizard on Oct 4, 2018.
             Was an Initiate of Kikubaaqudgha.
             Shot with an arrow by a centaur (11 damage)
             ... on level 6 of the Dungeon.
             The game lasted 00:15:09 (6329 turns).

Amnesiac the Thaumaturge (Mummy Wizard)             Turns: 6329, Time: 00:15:10

Health: -6/52      AC:  2    Str: 10    XL:     8   Next: 17%
Magic:  9/23       EV: 12    Int: 19    God:    Kikubaaqudgha [......]
Gold:   279        SH:  0    Dex: 11    Spells: 14/29 levels left

rFire    x . .     SeeInvis +   d - +0 hunting sling
rCold    + . .     Gourm    .   (no shield)
rNeg     + + +     Faith    .   a - +0 robe
rPois    ∞         Spirit   .   b - +0 hat
rElec    .         Reflect  .   (no cloak)
rCorr    .         Harm     .   (no gloves)
MR       +....                  (no boots)
Stlth    ++........             j - amulet of the acrobat
HPRegen  0.17/turn              l - ring of see invisible
MPRegen  0.18/turn              h - ring of wizardry

@: no status effects
A: no food or potions, fire vulnerability, cold resistance 1, negative energy
resistance 3, torment resistance, unbreathing
a: Renounce Religion


You were on level 6 of the Dungeon.
You worshipped Kikubaaqudgha.
Kikubaaqudgha was noncommittal.
You were not hungry.

You visited 2 branches of the dungeon, and saw 7 of its levels.

You collected 279 gold pieces.

Inventory:

Hand Weapons
 d - a +0 hunting sling (weapon)
Missiles
 c - 210 stones
 e - 21 sling bullets (quivered)
Armour
 a - a +0 robe (worn)
 b - a +0 hat (worn)
Jewellery
 h - a ring of wizardry (right hand)
 i - a +2 ring of evasion {unknown}
 j - an amulet of the acrobat (around neck)
 l - a ring of see invisible (left hand)
Wands
 g - a wand of paralysis (12)
 o - a wand of disintegration (18)
Scrolls
 f - 4 scrolls of remove curse {!r}
 k - a scroll of noise {!r, unknown}
 m - a scroll of amnesia {!r}
 p - a scroll of enchant armour {!r}
 q - a scroll of fog {!r}


   Skills:
 - Level 1.5 Dodging
 - Level 1.5 Stealth
 - Level 11.0 Spellcasting
 - Level 0.7 Conjurations
 - Level 0.7 Summonings
 + Level 4.1 Necromancy
 - Level 0.7 Translocations


You had 14 spell levels left.
You knew the following spells:

 Your Spells              Type           Power        Failure   Level  Hunger
a - Magic Dart            Conj           ##..         1%          1    N/A
b - Call Imp              Summ           ##......     3%          2    N/A
c - Summon Lightning Spi  Summ/Air       ##......     22%         4    N/A
e - Mephitic Cloud        Conj/Pois/Air  ##......     8%          3    N/A
s - Conjure Flame         Conj/Fire      ##......     7%          3    N/A
v - Blink                 Tloc           N/A          3%          2    N/A

Your spell library contained the following spells:

 Spells                   Type           Power        Failure   Level  Hunger
 Summon Small Mammal      Summ           ##..         1%          1    N/A
 Slow                     Hex            ##......     4%          2    N/A
 Call Canine Familiar     Summ           ##......     6%          3    N/A
 Summon Guardian Golem    Hex/Summ       ##......     7%          3    N/A
 Summon Ice Beast         Ice/Summ       ##......     22%         4    N/A

Dungeon Overview and Level Annotations

Branches:
Dungeon (6/15)             Temple (1/1) D:4

Altars:
Ashenzari
Cheibriados
Dithmenos
Elyvilon
Fedhas
Gozag
Hepliaklqana
Kikubaaqudgha
Makhleb
Nemelex Xobeh
Okawaru
Qazlal
Ru
Sif Muna
Trog
Uskayaw
Vehumet
Wu Jian
Yredelemnul
Zin
The Shining One

Shops:
D:6 *


Innate Abilities, Weirdness & Mutations

You do not eat or drink.
Your flesh is vulnerable to fire.
You are immune to poison.
Your flesh is cold resistant. (rC+)
You are immune to negative energy. (rN+++)
You are immune to unholy pain and torment.
You can survive without breathing.


Message History

The centaur shoots an arrow.
The arrow hits you!
Casting: Magic Dart (safe; 1% risk of failure)
Confirm with . or Enter, or press ? or * to list all spells.
Aiming: Magic Dart (safe; 1% risk of failure)
Press: ? - help, Shift-Dir - straight line, f - centaur
Aim: a centaur, wielding a shortbow The magic dart hits the centaur.
The centaur is lightly wounded.
The centaur shoots an arrow.
The arrow barely misses you.
The centaur shoots an arrow.
The arrow misses you.
Casting: Magic Dart (safe; 1% risk of failure)
Confirm with . or Enter, or press ? or * to list all spells.
Aiming: Magic Dart (safe; 1% risk of failure)
Press: ? - help, Shift-Dir - straight line, f/p - centaur
Aim: a centaur, wielding a shortbow (lightly wounded)
The magic dart hits the centaur.
The centaur is moderately wounded.
The centaur shoots an arrow.
The arrow hits you.
* * * LOW HITPOINT WARNING * * *
Casting: Magic Dart (safe; 1% risk of failure)
Confirm with . or Enter, or press ? or * to list all spells.
Aiming: Magic Dart (safe; 1% risk of failure)
Press: ? - help, Shift-Dir - straight line, f/p - centaur
Aim: a centaur, wielding a shortbow (moderately wounded)
The magic dart hits the centaur.
The centaur is moderately wounded.
The centaur shoots an arrow.
The arrow hits you!
* * * LOW HITPOINT WARNING * * *
Casting: Magic Dart (safe; 1% risk of failure)
Confirm with . or Enter, or press ? or * to list all spells.
Aiming: Magic Dart (safe; 1% risk of failure)
Press: ? - help, Shift-Dir - straight line, f/p - centaur
Aim: a centaur, wielding a shortbow (moderately wounded)
The magic dart hits the centaur.
The centaur is heavily wounded.
The centaur shoots an arrow.
The arrow closely misses you.
The centaur shoots an arrow.
The arrow hits you.
* * * LOW HITPOINT WARNING * * *
Casting: Magic Dart (safe; 1% risk of failure)
Confirm with . or Enter, or press ? or * to list all spells.
Aiming: Magic Dart (safe; 1% risk of failure)
Press: ? - help, Shift-Dir - straight line, f/p - centaur
Aim: a centaur, wielding a shortbow (heavily wounded)
The magic dart hits the centaur.
The centaur is heavily wounded.
Casting: Magic Dart (safe; 1% risk of failure)
Confirm with . or Enter, or press ? or * to list all spells.
Aiming: Magic Dart (safe; 1% risk of failure)
Press: ? - help, Shift-Dir - straight line, f/p - centaur
Aim: a centaur, wielding a shortbow (heavily wounded)
The magic dart hits the centaur.
The centaur is severely wounded.
The centaur shoots an arrow.
The arrow hits you!
* * * LOW HITPOINT WARNING * * *
Casting: Magic Dart (safe; 1% risk of failure)
Confirm with . or Enter, or press ? or * to list all spells.
Aiming: Magic Dart (safe; 1% risk of failure)
Press: ? - help, Shift-Dir - straight line, f/p - centaur
Aim: a centaur, wielding a shortbow (severely wounded)
The magic dart hits the centaur.
The centaur is severely wounded.
The centaur shoots an arrow.
The arrow hits you!
You die...
Kikubaaqudgha rasps: "You have failed me!
Welcome... oblivion!"

#.###.....###.......
+.........+....)....
#.###.....###....%.#
#.# #.####....#.....
#.###+####....#.....
#.............#...[.
#(............+.....
#.............#..)..
#..@...###....#.....
...........#
#....######
.∩..##.....# ######
# ............. #
... ..###..c... # ..
... ...... # ....
...... ..... #####.


You could see a centaur.

Vanquished Creatures
  Eustachio (D:5)
  A water moccasin (D:5)
  2 ogres
  A big kobold (D:4)
  A bullfrog (D:5)
  A howler monkey (D:5)
  A crimson imp (D:6)
  An orc priest (D:3)
  2 orc wizards (D:5)
  A jelly (D:5)
  A centaur skeleton (D:4)
  An iguana (D:4)
  5 worker ants
  4 adders
  A gnoll (D:5)
  A shadow imp (D:6)
  An adder skeleton (D:6)
  3 worms
  2 dart slugs
  4 leopard geckos
  5 orcs
  4 giant cockroaches
  4 goblins
  7 hobgoblins
  2 jackals (D:2)
  6 kobolds
  2 quokkas
  7 bats
  4 frilled lizards
  6 rats
82 creatures vanquished.

Vanquished Creatures (collateral kills)
  An ice beast (D:6)
  A crimson imp (D:5)
  Natasha (twice) (D:3)
  A worker ant (D:5)
  2 gnolls (D:5)
  4 orcs (D:4)
  A hobgoblin (D:2)
12 creatures vanquished.

Grand Total: 94 creatures vanquished

Notes
Turn   | Place    | Note
-------+----------+-------------------------------------------
     0 | D:1      | Amnesiac the Mummy Wizard began the quest for the Orb.
     0 | D:1      | Reached XP level 1. HP: 13/13 MP: 5/5
   406 | D:1      | Reached XP level 2. HP: 19/19 MP: 0/7
   410 | D:1      | Learned a level 2 spell: Blink
   413 | D:1      | Learned a level 2 spell: Call Imp
   709 | D:2      | Reached skill level 5 in Spellcasting
   821 | D:3      | Noticed Natasha
   830 | D:3      | Noticed a crimson imp
   831 | D:3      | Killed Natasha
   831 | D:3      | Reached XP level 3. HP: 18/24 MP: 2/10
   836 | D:3      | Learned a level 3 spell: Conjure Flame
   840 | D:3      | Learned a level 3 spell: Mephitic Cloud
   861 | D:3      | Noticed Natasha
  1050 | D:4      | Found a staircase to the Ecumenical Temple.
  1063 | Temple   | Entered the Ecumenical Temple
  1160 | Temple   | Became a worshipper of Sif Muna the Loreminder
  1322 | D:3      | Killed Natasha
  1322 | D:3      | Reached skill level 6 in Spellcasting
  1326 | D:3      | Reached XP level 4. HP: 15/30 MP: 0/12
  1874 | D:2      | Learned a level 4 spell: Summon Lightning Spire
  1891 | D:2      | Found a glowing golden altar of the Shining One.
  2520 | D:2      | Found a basalt altar of Yredelemnul.
  2526 | D:2      | Noticed an angel
  2791 | D:3      | Noticed an ogre
  2801 | D:3      | Killed an ogre
  2801 | D:3      | Reached skill level 7 in Spellcasting
  2801 | D:3      | Reached XP level 5. HP: 35/35 MP: 10/15
  3157 | D:4      | Reached skill level 8 in Spellcasting
  3176 | D:4      | Reached * piety under Sif Muna
  3176 | D:4      | Reached XP level 6. HP: 41/41 MP: 12/17
  3341 | D:4      | Found a white marble altar of Elyvilon.
  3492 | D:4      | Reached skill level 9 in Spellcasting
  3751 | D:4      | Reached XP level 7. HP: 42/46 MP: 20/20
  3839 | D:5      | Entered Level 5 of the Dungeon
  3884 | D:5      | Noticed Eustachio
  3902 | D:5      | Reached skill level 10 in Spellcasting
  3945 | D:5      | Killed Eustachio
  4007 | D:5      | Found a glowing silver altar of Zin.
  4612 | D:5      | Found an ancient bone altar of Kikubaaqudgha.
  4795 | D:5      | Reached skill level 11 in Spellcasting
  4993 | D:5      | Fell from the grace of Sif Muna
  4993 | D:5      | Became a worshipper of Kikubaaqudgha
  5046 | D:5      | HP: 2/46 [ufetubus[miscasting Call Imp] (1)]
  5224 | D:5      | Reached skill level 1 in Necromancy
  5614 | D:5      | Reached XP level 8. HP: 44/52 MP: 8/23
  6316 | D:6      | Found Eclint's Hallowed Reliquary.
  6329 | D:6      | Shot with an arrow by a centaur

Vault maps used:
D:1:      lemuel_arrival_muddy
D:2:      grunt_temple_overflow_holy_war, minmay_misc_feat_square
D:3:      uniq_natasha
D:4:      lemuel_coloured_pillars_altar, minmay_temple_entry_statues_fountains,
          first_ration, grunt_ministairs_11
D:5:      lemuel_doored_altar, overflow_temple_1_default, serial_column_ruins,
          column_ruins_columns_water, column_ruins_open_tiny,
          column_ruins_open_tiny, column_ruins_columns_straight,
          column_ruins_columns_corner, column_ruins_open_small, uniq_eustachio
D:6:      nicolae_good_shop
Temple:   kb_temple_of_zot

Skill      XL: |  1  2  3  4  5  6  7  8 |
---------------+-------------------------+-----
Spellcasting   | 5 6 7 8 9 11 | 11.0
Necromancy     | 2 4 |  4.1
Dodging        | |  1.5
Stealth        | |  1.5
Conjurations   | |  0.7
Summonings     | |  0.7
Translocations | |  0.7

Action                   |  1- 3 |  4- 6 |  7- 9 || total
-------------------------+-------+-------+-------++-------
Melee: Unarmed           |     5 |       |       ||     5
 Fire: Hunting sling     |    22 |   165 |   118 ||   305
 Cast: Magic Dart        |    39 |    40 |   125 ||   204
       Call Imp          |     6 |     1 |    11 ||    18
       Mephitic Cloud    |     1 |    12 |     9 ||    22
       Blink             |       |       |     3 ||     3
       Conjure Flame     |       |       |     2 ||     2
Invok: Divine Energy     |       |     1 |       ||     1
Evoke: Wand              |       |       |     1 ||     1
  Use: Scroll            |       |     4 |     4 ||     8
Armor: Robe              |     1 |     6 |    13 ||    20
Dodge: Dodged            |    12 |    39 |    85 ||   136

Table legend:
 A = Non-vault XP
 B = Vault XP
 C = Vault XP percentage of total XP
 D = Non-vault monster count
 E = Vault monster count
 F = Vault count percentage of total count
                 A         B        C        D         E       F
            +---------+---------+-------+---------+---------+-------
      Total |    1411 |     252 |  15.2 |      91 |       3 |   3.2
            +---------+---------+-------+---------+---------+-------
        D:1 |      21 |       0 |   0.0 |      14 |       0 |   0.0
        D:2 |      38 |       0 |   0.0 |      14 |       0 |   0.0
        D:3 |     221 |      21 |   8.7 |      20 |       1 |   4.8
        D:4 |     405 |      33 |   7.5 |      19 |       1 |   5.0
        D:5 |     508 |     198 |  28.0 |      18 |       1 |   5.3
        D:6 |     218 |       0 |   0.0 |       6 |       0 |   0.0
            +---------+---------+-------+---------+---------+-------
